 Dungeon Crawl Stone Soup version 0.25-a0-1133-g93ebf739aa (webtiles) character file.

Game seed: 2958043850865511257, levelgen mode: deterministic

3771 Error4North the Cleaver (level 10, 0/129 HPs)
             Began as a Hill Orc Fighter on May 21, 2020.
             Was a Follower of Okawaru.
             Slain by a troll (4 damage)
             ... on level 9 of the Dungeon on May 22, 2020.
             The game lasted 00:23:30 (8157 turns).

Error4North the Cleaver (Hill Orc Fighter)          Turns: 8157, Time: 00:23:30

Health: 0/129      AC: 25    Str: 21 (23) XL:     10   Next: 16%
Magic:  12/12      EV:  2    Int:  6 (8)  God:    Okawaru [*.....]
Gold:   384        SH: 10    Dex: 10      Spells: 9/9 levels left

rFire    . . .     SeeInvis .   a - +1 war axe
rCold    . . .     Gourm    .   c - +0 kite shield
rNeg     + + +     Faith    .   (armour currently unavailable)
rPois    +         Spirit   .   (helmet currently unavailable)
rElec    .         Reflect  .   (cloak currently unavailable)
rCorr    +         Harm     .   (gloves currently unavailable)
MR       +++..     NoTele   +   (boots currently unavailable)
Stlth    +.........             p - amulet of regeneration
HPRegen  0.71/turn              x - ring of resist corrosion
MPRegen  0.13/turn              E - ring of protection from magic

@: mighty, lethally poisoned (0 -> 0), tree-form, drained
A: magic resistance 2
a: Heroism, Renounce Religion


You were on level 9 of the Dungeon.
You worshipped Okawaru.
Okawaru was aware of your devotion.
You were not hungry.
You were a tree.
You visited 2 branches of the dungeon, and saw 10 of its levels.

You collected 384 gold pieces.

Inventory:

Hand Weapons
 a - a +1 war axe (weapon)
Armour
 c - a +0 kite shield (worn)
 g - a +1 pair of gloves (melded)
 y - a +2 pair of boots (melded)
 A - a +0 plate armour (melded)
Jewellery
 p - an amulet of regeneration (around neck)
 x - a ring of resist corrosion (left branch)
 E - a ring of protection from magic (right branch)
Wands
 r - a wand of paralysis (5)
 z - a wand of clouds (2)
 C - a wand of flame (15)
 F - a wand of polymorph (8)
Scrolls
 h - a scroll of amnesia
 i - 2 scrolls of teleportation
 j - 2 scrolls of identify
 l - 3 scrolls of remove curse
 n - a scroll of blinking
 q - a scroll of enchant weapon
 v - 3 scrolls of enchant armour
Potions
 d - a potion of might
 e - 3 potions of brilliance
 m - a potion of haste
 D - a potion of ambrosia
Comestibles
 b - a chunk of flesh
 f - 14 rations


   Skills:
 * Level 7.6(6.5) Fighting
 + Level 9.7(8.5) Axes
 * Level 8.7(7.5) Armour
 + Level 2.0(1.1) Dodging
 + Level 1.0(0.0) Stealth
 * Level 8.1(7.0) Shields
 * Level 1.1(0.1) Invocations
 * Level 3.1(2.1) Evocations


You had 9 spell levels left.
You didn't know any spells.
Your spell library contained the following spells:

 Spells                   Type           Power        Failure   Level  Hunger
 Corona                   Hex            #......      80%         1    ##.....
 Foxfire                  Conj/Fire      #...         80%         1    ##.....
 Ensorcelled Hibernation  Hex/Ice        #.....       91%         2    ###....
 Confusing Touch          Hex            #.......     99%         3    ####...
 Conjure Flame            Conj/Fire      #.......     99%         3    ####...
 Dazzling Flash           Conj/Hex       #.....       99%         3    ####...
 Inner Flame              Hex/Fire       #.......     99%         3    ####...
 Tukima's Dance           Hex            #.......     99%         3    ####...
 Sticky Flame             Conj/Fire      #.......     100%        4    #####..
 Fireball                 Conj/Fire      #.........   100%        5    ######.


Dungeon Overview and Level Annotations

Branches:
Dungeon (8/15)             Temple (1/1) D:7
   Lair: D:8-11

Altars:
Ashenzari
Elyvilon
Fedhas
Kikubaaqudgha
Makhleb
Nemelex Xobeh
Okawaru
Qazlal
Ru
Sif Muna
Trog
Uskayaw
Vehumet
Wu Jian
Xom
Yredelemnul
The Shining One


Innate Abilities, Weirdness & Mutations

You are highly resistant to hostile enchantments. (MR++)


Message History

You hit the hippogriff.
The hippogriff is almost dead.
You feel sick.
The hippogriff bites you but does no damage.
The hippogriff pecks you but does no damage.
The hippogriff claws you.
* * * LOW HITPOINT WARNING * * *
The hippogriff bites you but does no damage.
The hippogriff pecks you but does no damage.
You block the hippogriff's attack.
You slice the hippogriff!!
You kill the hippogriff!
Okawaru accepts your kill.
Your base Invocations skill increases to level 1!
You block the troll's attack. The troll claws you but does no damage.
You block the troll's attack.
You slash the troll!
The troll is moderately wounded.
The troll bites you.
You die...

#####################
#.....♣T5........./..
#..#####Z............
#........?....
#.............
#.............
#.............
#.............
#.............
...............


You could see a troll, a crimson imp and a centaur zombie.

Vanquished Creatures
  Maggie (D:8)
  A hornet (D:7)
  A hippogriff (D:9)
  Sigmund (D:2)
  Edmund (D:5)
  An acid dragon (D:9)
  A sky beast (D:7)
  3 ice beasts
  3 orc warriors
  A phantom (D:4)
  5 ogres
  3 centaurs
  2 bullfrogs
  A scorpion (D:4)
  A howler monkey (D:6)
  2 crimson imps
  A bullfrog zombie (D:8)
  3 hounds
  3 jellies
  11 orc wizards
  2 orc priests
  3 bullfrog skeletons
  A centaur skeleton (D:7)
  Ijyb (D:5)
  An iguana (D:4)
  4 worker ants
  A hound zombie (D:7)
  8 adders
  A shadow imp (D:8)
  An ooze (D:5)
  An adder skeleton (D:4)
  2 worms
  A dart slug (D:2)
  7 leopard geckos
  19 orcs
  6 bats
  3 giant cockroaches
  7 hobgoblins
  13 jackals
  3 kobolds
  5 quokkas
  3 frilled lizards
  9 goblins
  A leopard gecko skeleton (D:4)
  7 rats
  A spectral orc (D:2)
157 creatures vanquished.

Notes
Turn   | Place    | Note
-------+----------+-------------------------------------------
     0 | D:1      | Error4North the Hill Orc Fighter began the quest for the
                  | Orb.
     0 | D:1      | Reached XP level 1. HP: 19/19 MP: 1/1
    61 | D:1      | Reached XP level 2. HP: 23/27 MP: 2/2
   726 | D:1      | Reached XP level 3. HP: 33/33 MP: 3/3
  1223 | D:2      | Reached skill level 3 in Axes
  1313 | D:2      | Found a basalt altar of Yredelemnul.
  1414 | D:2      | Reached XP level 4. HP: 16/40 MP: 4/4
  1733 | D:2      | Noticed Sigmund
  1772 | D:2      | Gained mutation: You are resistant to hostile enchantments.
                  | (MR+) [potion of mutation]
  1772 | D:2      | Gained mutation: You are highly resistant to hostile
                  | enchantments. (MR++) [potion of mutation]
  2183 | D:2      | Killed Sigmund
  2183 | D:2      | Reached skill level 4 in Axes
  2183 | D:2      | Reached XP level 5. HP: 31/47 MP: 5/5
  2493 | D:3      | Reached XP level 6. HP: 49/53 MP: 6/6
  3111 | D:4      | Reached skill level 5 in Armour
  3188 | D:4      | Reached skill level 5 in Axes
  3188 | D:4      | Reached skill level 5 in Shields
  3349 | D:4      | Reached XP level 7. HP: 60/60 MP: 7/7
  3703 | D:4      | Reached skill level 5 in Fighting
  4037 | D:5      | Entered Level 5 of the Dungeon
  4069 | D:5      | Reached skill level 6 in Axes
  4262 | D:5      | Reached skill level 1 in Dodging
  4415 | D:5      | Found an ornate altar of the Wu Jian Council.
  4415 | D:5      | Found a sacrificial altar of Ru.
  4434 | D:5      | Noticed Edmund
  4449 | D:5      | Killed Edmund
  4449 | D:5      | Reached XP level 8. HP: 41/69 MP: 8/8
  4607 | D:5      | Noticed Ijyb
  4620 | D:5      | Killed Ijyb
  4620 | D:5      | Reached skill level 7 in Axes
  5552 | D:6      | Reached skill level 1 in Evocations
  5832 | D:6      | Reached XP level 9. HP: 70/75 MP: 10/10
  6212 | D:6      | Reached skill level 8 in Axes
  6534 | D:7      | Found a staircase to the Ecumenical Temple.
  6566 | Temple   | Entered the Ecumenical Temple
  6573 | Temple   | Became a worshipper of Warmaster Okawaru
  6887 | D:7      | Found a stormy altar of Qazlal.
  7103 | D:8      | Reached skill level 9 in Axes
  7230 | D:8      | Reached skill level 1 in Stealth
  7359 | D:8      | Noticed a hornet
  7372 | D:7      | Paralysed by a hornet for 3 turns
  7389 | D:7      | Killed a hornet
  7931 | D:8      | Noticed Maggie
  7941 | D:8      | Reached * piety under Okawaru
  7999 | D:8      | Killed Maggie
  7999 | D:8      | Reached XP level 10. HP: 6/86 MP: 10/12
  8129 | D:8      | You fall into a shaft and drop 1 floor!
  8155 | D:9      | HP: 3/129 [hippogriff (5)]
  8156 | D:9      | Reached skill level 1 in Invocations
  8157 | D:9      | Slain by a troll

Illustrated notes

Levels and vault maps discovered:
D:1:      heliophobic_arrival_battle_scene, layout_loops_ring, st_stairs_11,
          minivault_19
D:2:      layout_basic, yredelemnul_forgotten_temple_becter, uniq_sigmund
D:3:      layout_basic
D:4:      layout_cave_pods, serial_park, serial_park_gazebo
          [serial_park_minivault_5x5_5], first_ration
D:5:      layout_basic, gammafunk_temple_overflow_statue, grunt_ministairs_3,
          minivault_11, uniq_ijyb, uniq_edmund
D:6:      layout_gridville
D:7:      layout_loops_ring, nicolae_overflow_hidden_temple,
          minmay_temple_entry_glass
D:8:      layout_basic, grunt_temple_overflow_gold_and_silver,
          lemuel_round_altar, serial_glass, glass_columns_c, glass_columns_a,
          grunt_ministairs_7, uniq_maggie
D:9:      layout_small_grid, riverfiend_overflow_shadow_ancestor, david_orc_3,
          gammafunk_ghost_cemetery
Temple:   cyrus_circular_temple

Skill      XL: |  1  2  3  4  5  6  7  8  9 10 |
---------------+-------------------------------+-----
Fighting       | 4 5 6 7 |  7.6
Shields        | 4 5 6 8 |  8.1
Axes           | 3 4 5 6 7 9 |  9.7
Armour         | 4 5 6 8 |  8.7
Dodging        | 1 2 |  2.0
Evocations     | 1 2 3 |  3.1
Stealth        | 1 |  1.0
Invocations    | 1 |  1.1

Action                   |  1- 3 |  4- 6 |  7- 9 | 10-12 || total
-------------------------+-------+-------+-------+-------++-------
Melee: War axe           |   128 |   100 |   492 |    18 ||   738
Invok: Heroism           |       |       |       |     1 ||     1
Evoke: Wand              |       |       |     7 |       ||     7
  Use: Potion            |       |     5 |    11 |     2 ||    18
       Scroll            |       |     1 |     9 |       ||    10
  Eat: Chunk             |     2 |     6 |    15 |     1 ||    24
Armor: Scale mail        |    65 |    40 |   118 |       ||   223
       Plate armour      |       |       |    47 |    14 ||    61
       Chain mail        |       |       |    31 |       ||    31
       Skin              |       |       |     7 |    12 ||    19
Dodge: Dodged            |    44 |    33 |   109 |    13 ||   199
Block: Kite shield       |    78 |    60 |   243 |    24 ||   405

Table legend:
 A = Non-vault XP
 B = Vault XP
 C = Vault XP percentage of total XP
 D = Non-vault monster count
 E = Vault monster count
 F = Vault count percentage of total count
                 A         B        C        D         E       F
            +---------+---------+-------+---------+---------+-------
      Total |    4260 |    1128 |  20.9 |     142 |      15 |   9.6
            +---------+---------+-------+---------+---------+-------
        D:1 |      28 |       7 |  20.0 |      15 |       3 |  16.7
        D:2 |      60 |     209 |  77.7 |      19 |       2 |   9.5
        D:3 |      53 |       0 |   0.0 |      14 |       0 |   0.0
        D:4 |     475 |       0 |   0.0 |      19 |       0 |   0.0
        D:5 |     588 |     323 |  35.5 |      11 |       7 |  38.9
        D:6 |     760 |       0 |   0.0 |      21 |       0 |   0.0
        D:7 |    1167 |     129 |  10.0 |      25 |       1 |   3.8
        D:8 |     706 |     460 |  39.5 |      15 |       2 |  11.8
        D:9 |     423 |       0 |   0.0 |       3 |       0 |   0.0
            +---------+---------+-------+---------+---------+-------
